 Dungeon Crawl Stone Soup version 0.30.1-11-g7821555f0a (webtiles) character file.

Game seed: 16091046307880433706

1042 Martska the Trooper (level 8, -2/61 (65) HPs)
             Began as a Demonspawn Fighter on Dec 13, 2023.
             Was a Priest of Uskayaw.
             Slain by an orc warrior
             ... wielding a +0 vampiric halberd
              (8 damage)
             ... on level 5 of the Dungeon.
             The game lasted 00:05:59 (4326 turns).

Martska the Trooper (Demonspawn Fighter)            Turns: 4326, Time: 00:05:59

HP:   -2/61 (65)    AC:  3    Str: 23    XL:     8   Next: 4%
MP:   8/8           EV: 12    Int: 11    God:    Uskayaw [***...]
Gold: 331           SH:  0    Dex:  8    Spells: 7/7 levels left

rFire   . . .        e - +1 war axe (venom)
rCold   . . .        (no shield)
rNeg    . . .        w - +0 leather armour "Tiur" {Rampage Str+5 Dex-4 Slay+3}
rPois   .            (helmet restricted)
rElec   .            n - scarf {shadows}
rCorr   .            (no gloves)
SInv    +            (no boots)
Will    .....        s - amulet of regeneration
Stlth   +            f - ring of see invisible
HPRegen 1.10/turn    (no ring)
MPRegen 0.22/turn

%: rampage
@: drained
A: horns 2, spiny 1, magic regeneration, demonic touch 2
a: Renounce Religion, Stomp, Line Pass


You were on level 5 of the Dungeon.
You worshipped Uskayaw.
Uskayaw was noncommittal.
You visited 1 branch of the dungeon, and saw 5 of its levels.

You collected 331 gold pieces.

Inventory:

Hand Weapons
 a - a +2 dagger of venom
 e - a +1 war axe of venom (weapon)
 i - a +0 spear
 q - a +1 mace of protection
 y - a +2 flail of protection
Armour
 b - a +0 scale mail
 c - a +0 buckler
 n - a scarf of shadows (worn)
 w - the +0 leather armour "Tiur" (worn) {Rampage Str+5 Dex-4 Slay+3}
   (You found it on level 4 of the Dungeon)

   Str:       It affects your strength (+5).
   Dex:       It affects your dexterity (-4).
   Slay:      It affects your accuracy & damage with ranged weapons and melee
   (+3).
   Rampage:   It bestows one free step when moving towards enemies.
 x - a +0 plate armour
Jewellery
 f - a ring of see invisible (left hand)
 s - an amulet of regeneration (around neck)
Scrolls
 h - 4 scrolls of enchant weapon
 l - 2 scrolls of fear
 m - 2 scrolls of poison
 r - a scroll of teleportation
 u - a scroll of immolation
Potions
 d - 2 potions of might
 g - a potion of haste {unknown}
 j - a potion of curing
 k - a potion of ambrosia
 o - 2 potions of degeneration
 p - 4 potions of heal wounds
 t - 3 potions of attraction
 v - a potion of cancellation {unknown}


   Skills:
 * Level 6.4 Fighting
 * Level 0.6(1.3) Axes
 - Level 1.7(1.8) Polearms
 + Level 4.6 Armour
 * Level 4.9 Dodging
 - Level 3.4 Shields


You had 7 spell levels left.
You didn't know any spells.
Your spell library contained the following spells:

 Spells                   Type           Power      Damage    Failure   Level
 Apportation              Tloc           0%         N/A       38%         1
 Necrotise                Necr           0%         1d4       38%         1
 Sandblast                Erth           0%         2d4       38%         1
 Summon Small Mammal      Summ           0%         N/A       38%         1
 Blink                    Tloc           0%         N/A       52%         2
 Ensorcelled Hibernation  Hex/Ice        0%         N/A       52%         2
 Lesser Beckoning         Tloc           0%         N/A       52%         2
 Momentum Strike          Conj/Tloc      0%         3d8       52%         2
 Passwall                 Tmut/Erth      0%         N/A       52%         2
 Spider Form              Tmut/Pois      0%         N/A       77%         3
 Stone Arrow              Conj/Erth      0%         3d7       77%         3
 Anguish                  Hex/Necr       0%         N/A       99%         4


Dungeon Overview and Level Annotations

Branches:
Dungeon (5/15)
 Temple: D:4-7

Altars:
Gozag
Uskayaw
Wu Jian

Shops:
D:4 :(


Innate Abilities, Weirdness & Mutations

You have a pair of horns on your head.
You are partially covered in sharp spines.
You regenerate magic rapidly.
Your touch may inflict irresistible damage on your foes.


Message History

The orc warrior hits you from afar with a +0 vampiric halberd!
You completely miss the orc priest. Your touch misses the orc priest.
The orc priest barely misses you.
The orc warrior hits you from afar with a +0 vampiric halberd!
You are too injured to fight recklessly!
You are too injured to fight recklessly!
You are too injured to fight recklessly!
You are too injured to fight recklessly!
You are too injured to fight recklessly!
You are too injured to fight recklessly!
You are too injured to fight recklessly!
You are too injured to fight recklessly!
You are too injured to fight recklessly!
You are too injured to fight recklessly!
You are too injured to fight recklessly!
You are too injured to fight recklessly!
You are too injured to fight recklessly!
You are too injured to fight recklessly!
You are too injured to fight recklessly!
You are too injured to fight recklessly!
You are too injured to fight recklessly!
You are too injured to fight recklessly!
You are too injured to fight recklessly!
You are too injured to fight recklessly!
You hit the orc priest. You headbutt the orc priest.
The orc priest is heavily wounded.
The orc priest closely misses you. The orc warrior misses you.
The orc priest misses you.
The orc warrior hits you from afar with a +0 vampiric halberd!
* * * LOW HITPOINT WARNING * * *
You can now pass through a line of other dancers.
You slash the orc priest!
You kill the orc priest!
The orc warrior hits you from afar with a +0 vampiric halberd!
* * * LOW HITPOINT WARNING * * *
Uskayaw will force your foes to helplessly watch your dance.
Uskayaw prepares the audience for your solo!
The orc warrior is no longer paralysed.
The orc warrior hits you with a +0 vampiric halberd!
You die...

#.............#
#.............##
#..............####
#.........).......#
#......###.....##.#
#....... ####.###.#
#......# ###.#.#
...... .###..#.#
... .....o@)#
..#...#.#
....8.#..#
##.#8##..# .. ##
#..# # #..# ..#


You could see an orc warrior.

Vanquished Creatures
  An ice beast (D:5)
  A black bear (D:5)
  A centaur (D:5)
  A phantom (D:5)
  A bullfrog (D:3)
  2 scorpions (D:5)
  A howler monkey (D:4)
  3 jellies
  2 orc priests
  2 hounds (D:5)
  3 iguanas (D:5)
  2 orc wizards
  4 adders
  2 worms (D:3)
  A dart slug (D:4)
  29 orcs
  7 endoplasms (D:1)
  3 giant cockroaches
  8 hobgoblins
  9 kobolds
  3 quokkas
  7 ball pythons
  2 bats
  3 frilled lizards
  7 goblins
  A rat (D:1)
106 creatures vanquished.

Notes
Turn   | Place    | Note
-------+----------+-------------------------------------------
     0 | D:1      | Martska the Demonspawn Fighter began the quest for the Orb.
     0 | D:1      | Reached XP level 1. HP: 18/18 MP: 1/1
   220 | D:1      | Gained mutation: You are partially covered in sharp spines.
                  | [demonic ancestry]
   220 | D:1      | Reached XP level 2. HP: 22/24 MP: 2/2
   378 | D:1      | Found a faded altar of an unknown god.
   493 | D:1      | Reached skill level 1 in Dodging
  1185 | D:2      | Discovered your monstrous ancestry.
  1185 | D:2      | Gained mutation: You have a pair of small horns on your
                  | head. [demonic ancestry]
  1185 | D:2      | Reached XP level 3. HP: 29/29 MP: 3/3
  1722 | D:2      | Found an ornate altar of the Wu Jian Council.
  2020 | D:3      | Reached XP level 4. HP: 33/37 MP: 4/4
  2114 | D:3      | Reached skill level 4 in Fighting
  2419 | D:3      | Noticed a bullfrog
  2423 | D:3      | Killed a bullfrog
  2424 | D:3      | Gained mutation: Your touch may inflict minor irresistible
                  | damage on your foes. [demonic ancestry]
  2424 | D:3      | Reached XP level 5. HP: 22/42 MP: 5/5
  2497 | D:3      | Found an opulent altar of Gozag.
  3016 | D:4      | Gained mutation: Your touch may inflict irresistible damage
                  | on your foes. [demonic ancestry]
  3016 | D:4      | Reached XP level 6. HP: 47/49 MP: 6/6
  3066 | D:4      | Found Ekhlusuq's Weapon Shop.
  3223 | D:4      | Found a hide-covered altar of Uskayaw.
  3239 | D:4      | Found Taklytos's Tiny Tomes.
  3263 | D:4      | Became a worshipper of Uskayaw the Reveller
  3482 | D:4      | Identified the +0 leather armour "Tiur" {Rampage Str+5
                  | Dex-4 Slay+3}
  3702 | D:5      | Entered Level 5 of the Dungeon
  3705 | D:5      | Reached * piety under Uskayaw
  3707 | D:5      | Reached ** piety under Uskayaw
  3754 | D:5      | Reached skill level 5 in Fighting
  3754 | D:5      | Reached *** piety under Uskayaw
  3756 | D:5      | Gained mutation: You regenerate magic rapidly. [demonic
                  | ancestry]
  3756 | D:5      | Reached XP level 7. HP: 31/56 MP: 7/7
  4073 | D:5      | Reached skill level 6 in Fighting
  4302 | D:5      | Gained mutation: You have a pair of horns on your head.
                  | [demonic ancestry]
  4302 | D:5      | Reached XP level 8. HP: 59/60 MP: 8/8
  4326 | D:5      | Slain by an orc warrior

Illustrated notes

Levels and vault maps discovered:
D:1:      dpeg_arrival_oval, layout_loops_corners,
          shapermc_ecumenical_altar_mp_ritualfount
D:2:      layout_basic, basic_altar
D:3:      layout_loops_cross, mainiacjoe_overflow_boulevard,
          corexii_item_surrounded_by_moat, minmay_misc_feat_columns
D:4:      layout_loops_ring, old_standard_altar, serial_shops, shop,
          serial_aquarium, aquarium_bridge_square [aquarium_subvault_wall,
          aquarium_subvault_bridge, aquarium_subvault_bridge,
          aquarium_subvault_wall], aquarium_bridge_square
          [aquarium_subvault_wall, aquarium_subvault_bridge,
          aquarium_subvault_bridge, aquarium_subvault_wall],
          aquarium_window_corridor_3, aquarium_window_2, aquarium_view_2g,
          aquarium_view_2c, nicolae_shop_i_like_small_books_too,
          grunt_ministairs_8
D:5:      layout_basic, guppyfry_early_orc_mine

Skill      XL: |  1  2  3  4  5  6  7 |
---------------+----------------------+-----
Dodging        | 1 2 3 4 |  4.9
Armour         | 3 4 |  4.6
Shields        | 3 |  3.4
Fighting       | 4 5 6 |  6.4
Axes           | |  0.6
Polearms       | |  1.7

Action                     |  1- 3 |  4- 6 |  7- 9 || total
---------------------------+-------+-------+-------++-------
  Melee: Trident           |    32 |       |       ||    32
         Spear             |    18 |       |       ||    18
         Dagger            |    51 |    90 |    38 ||   179
         Headbutt          |     7 |    18 |     7 ||    32
         Touch             |       |    13 |     9 ||    22
         Punch             |       |     1 |       ||     1
         War axe           |       |       |    16 ||    16
    Use: Potion            |     2 |       |       ||     2
         Scroll            |       |       |     9 ||     9
   Stab: Paralysed         |       |     1 |     1 ||     2
 Armour: Scale mail        |    33 |    28 |       ||    61
         Leather armour    |       |     3 |     6 ||     9
  Dodge: Dodged            |    33 |    35 |    37 ||   105
  Block: Buckler           |    18 |     2 |       ||    20
